 Dungeon Crawl Stone Soup version 0.20.0-8-g6b59dc7 (webtiles) character file.

2646 Gorglomux the Grappler (level 9, -6/75 HPs)
             Began as a Troll Arcane Marksman on May 31, 2017.
             Was a Believer of Okawaru.
             Mangled by a two-headed ogre
             ... wielding a +0 giant club
              (24 damage)
             ... on level 8 of the Dungeon.
             The game lasted 00:08:52 (5269 turns).

Gorglomux the Grappler (Troll Arcane Marksman)      Turns: 5269, Time: 00:08:53

Health: -6/75      AC:  5    Str: 25    XL:     9   Next: 36%
Magic:  7/9        EV: 13    Int:  9    God:    Okawaru [**....]
Gold:   317        SH: 17    Dex: 13    Spells: 9/10 levels left

rFire    + . .     SeeInvis .     - Unarmed
rCold    . . .     Gourm    +   V - +5 shield of Vlad {rPois MR+}
rNeg     . . .     Faith    .   a - +0 robe
rPois    +         Spirit   .   (helmet restricted)
rElec    .         Reflect  .   (no cloak)
rCorr    +         Harm     .   (gloves unavailable)
MR       +....                  (boots unavailable)
Stlth    +++.......             (no amulet)
Regen    0.7/turn               f - ring of protection from fire
MPRegen  0.2/turn               g - ring of resist corrosion

@: mighty, heroism
A: unfitting armour, claws 3, fast metabolism 3, gourmand, regeneration 1,
shaggy fur 1, tough skin 2
a: Heroism, Renounce Religion


You were on level 8 of the Dungeon.
You worshipped Okawaru.
Okawaru was pleased with you.
You were completely stuffed.

You visited 1 branch of the dungeon, and saw 8 of its levels.

You collected 611 gold pieces.
You spent 294 gold pieces at shops.

Inventory:

Missiles
 c - 4 large rocks (quivered)
 Z - 2 throwing nets
Armour
 a - a +0 robe (worn)
 V - the +5 shield of Vlad (worn) {rPois MR+}
   (You bought it in a shop on level 5 of the Dungeon)

   It protects you from poison.
   It affects your resistance to hostile enchantments.
Jewellery
 f - a ring of protection from fire (left claw)
 g - a ring of resist corrosion (right claw)
Wands
 D - a wand of digging (11/24)
 L - a wand of lightning (9/15)
 O - a wand of clouds (3/9)
Scrolls
 A - 3 scrolls of remove curse
 B - a scroll of blinking
 G - a scroll of enchant armour {unknown}
 J - a scroll of immolation {unknown}
 N - a scroll of enchant weapon {unknown}
 R - a scroll of identify
 T - a scroll of amnesia {unknown}
 X - 3 scrolls of teleportation {unknown}
Potions
 C - a potion of brilliance {unknown}
 F - a potion of mutation {unknown}
 H - a potion of berserk rage {unknown}
 K - a potion of resistance
 M - 2 potions of invisibility {unknown}
 Q - a potion of curing
 U - a potion of might
 W - 2 potions of heal wounds
 Y - a potion of lignification {unknown}
Books
 b - a book of Debilitation

   Spells                             Type                      Level
   a - Corona                         Hexes                        1
   b - Slow                           Hexes                        2
   c - Inner Flame                    Hexes/Fire                   3
   d - Portal Projectile              Hexes/Translocation          3
   e - Cause Fear                     Hexes                        4
   f - Leda's Liquefaction            Hexes/Earth                  4
 I - a book of Maledictions

   Spells                             Type                      Level
   a - Corona                         Hexes                        1
   b - Ensorcelled Hibernation        Hexes/Ice                    2
   c - Confuse                        Hexes                        3
   d - Tukima's Dance                 Hexes                        3
   e - Dazzling Spray                 Conjuration/Hexes            3
Comestibles
 z - 5 meat rations
 E - 8 chunks of flesh
 P - 9 bread rations
 S - 8 fruits


   Skills:
 - Level 0.7(5.7) Fighting
 - Level 1.7(6.7) Throwing
 - Level 1.5(6.5) Dodging
 + Level 5.1(10.1) Shields
 + Level 11.0(16.0) Unarmed Combat
 - Level 1.0 Spellcasting
 - Level 2.0 Hexes


You had 9 spell levels left.
You knew the following spells:

 Your Spells              Type           Power        Failure   Level  Hunger
a - Corona                Hex            #......      16%         1    ##.....


Dungeon Overview and Level Annotations

Branches:
Dungeon (8/15)             Temple (0/1) D:6
   Lair: D:8-11

Altars:
Elyvilon
Okawaru
Sif Muna

Shops:
D:5 [


Innate Abilities, Weirdness & Mutations

You are too large for most types of armour.
You have claws for hands.
Your metabolism is lightning-fast.
You like to eat raw meat.
Your natural rate of healing is unusually fast.
You are covered in fur. (AC +1)
You have very tough skin. (AC +2)


Message History

The two-headed ogre is heavily wounded.
The two-headed ogre hits you with a giant club!!
The two-headed ogre hits you with a giant club!
* * * LOW HITPOINT WARNING * * *
You are too injured to fight recklessly!
Found a stone staircase leading down.
You gain the combat prowess of a mighty hero.
You block the two-headed ogre's attack.
The two-headed ogre hits you with a giant club!
You barely miss the two-headed ogre.
The two-headed ogre is moderately wounded.
You block the two-headed ogre's attack.
The two-headed ogre hits you with a giant club!
* * * LOW HITPOINT WARNING * * *
You feel very mighty all of a sudden.
You barely miss the two-headed ogre.
The two-headed ogre is moderately wounded.
You block the two-headed ogre's attack.
The two-headed ogre hits you with a giant club!!
You die...

### ### #.#
############.###@#
#............#.O.#
................>#
#.#####.#......###
#.......########
#.##.......#
#.##.......#
.......(...#
.###......)#


You could see a two-headed ogre.

Vanquished Creatures
  The ghost of Gorglomux the Skirmisher, an amateur FoHu (D:4)
  An orc warrior (D:7)
  A porcupine (D:8)
  An ice beast (D:8)
  3 black bears
  3 ogres (D:5)
  A centaur (D:7)
  A big kobold (D:7)
  3 bullfrogs
  5 scorpions
  3 killer bees (D:7)
  2 crimson imps (D:5)
  A bullfrog skeleton (D:8)
  3 orc priests
  A centaur skeleton (D:5)
  3 hounds
  5 orc wizards
  2 iguanas
  8 worker ants
  2 hound skeletons
  A worker ant zombie (D:3)
  7 adders
  An ooze (D:2)
  3 worms
  A dart slug (D:2)
  8 leopard geckos
  27 orcs
  6 giant cockroaches
  6 goblins
  6 hobgoblins
  7 jackals
  3 quokkas
  2 ball pythons
  A ball python skeleton (D:5)
  3 bats
  8 frilled lizards
  14 kobolds
  A quokka skeleton (D:4)
  2 quokka zombies (D:6)
  19 rats
176 creatures vanquished.

Vanquished Creatures (others)
  3 plants (D:4)
3 creatures vanquished.

Grand Total: 179 creatures vanquished

Notes
Turn   | Place    | Note
-------+----------+-------------------------------------------
     0 | D:1      | Gorglomux the Troll Arcane Marksman began the quest for the Orb.
     0 | D:1      | Reached XP level 1. HP: 18/18 MP: 1/1
    11 | D:1      | Reached skill level 1 in Unarmed Combat
    54 | D:1      | Reached XP level 2. HP: 25/26 MP: 2/2
    70 | D:1      | Reached skill level 2 in Unarmed Combat
   664 | D:1      | Reached XP level 3. HP: 31/32 MP: 3/3
   785 | D:2      | Reached skill level 3 in Unarmed Combat
   815 | D:2      | Found a white marble altar of Elyvilon.
   944 | D:2      | You fall through a shaft for 2 floors!
   944 | D:4      | Noticed Gorglomux's ghost (amateur FoHu)
  1066 | D:3      | Reached XP level 4. HP: 40/40 MP: 4/4
  1203 | D:2      | Reached skill level 4 in Unarmed Combat
  1361 | D:2      | Found a deep blue altar of Sif Muna.
  1834 | D:3      | Noticed a bullfrog
  1840 | D:3      | Killed a bullfrog
  1840 | D:3      | Reached skill level 5 in Unarmed Combat
  1840 | D:3      | Reached XP level 5. HP: 42/46 MP: 5/5
  2270 | D:4      | Killed Gorglomux's ghost
  2270 | D:4      | Reached skill level 6 in Unarmed Combat
  2270 | D:4      | Reached XP level 6. HP: 34/54 MP: 6/6
  2331 | D:4      | Reached skill level 7 in Unarmed Combat
  2436 | D:4      | Reached XP level 7. HP: 61/61 MP: 7/7
  2552 | D:4      | Found an iron altar of Okawaru.
  2716 | D:4      | Became a worshipper of Warmaster Okawaru
  2865 | D:4      | Reached skill level 8 in Unarmed Combat
  2927 | D:5      | Entered Level 5 of the Dungeon
  3222 | D:5      | Reached skill level 9 in Unarmed Combat
  3433 | D:5      | Found Haler's Antique Armour Shop.
  3449 | D:5      | Bought a crude shield for 294 gold pieces
  3454 | D:5      | Identified the +5 shield of Vlad {rPois MR+} (You bought it in a shop on level 5 of the Dungeon)
  3536 | D:5      | Reached skill level 1 in Shields
  3536 | D:5      | Reached XP level 8. HP: 50/68 MP: 8/8
  3795 | D:5      | Reached * piety under Okawaru
  3962 | D:6      | Found a staircase to the Ecumenical Temple.
  4143 | D:6      | Reached skill level 10 in Unarmed Combat
  4144 | D:6      | Reached skill level 3 in Shields
  4396 | D:7      | Reached ** piety under Okawaru
  4684 | D:7      | Reached XP level 9. HP: 55/75 MP: 6/9
  5073 | D:8      | Reached skill level 11 in Unarmed Combat
  5227 | D:8      | Noticed a two-headed ogre
  5269 | D:8      | Mangled by a two-headed ogre

Skill      XL: |  1  2  3  4  5  6  7  8  9 |
---------------+----------------------------+-----
Unarmed Combat | 1 2 3 5 6 7 9 10 11 | 11.0
Shields        | 1 4 5 |  5.1
Fighting       | |  0.7
Throwing       | |  1.7
Dodging        | |  1.5
Spellcasting   | |  1.0
Hexes          | |  2.0

Action                   |  1- 3 |  4- 6 |  7- 9 || total
-------------------------+-------+-------+-------++-------
Melee: Unarmed           |   111 |   140 |   259 ||   510
       Punch             |       |     3 |     4 ||     7
Throw: Large rock        |       |       |     2 ||     2
Invok: Heroism           |       |       |     4 ||     4
  Use: Scroll            |       |     1 |     7 ||     8
       Potion            |       |       |     2 ||     2
 Stab: Sleeping          |     2 |       |     1 ||     3
  Eat: Chunk             |    15 |    10 |    29 ||    54
Armor: Robe              |    41 |    36 |    42 ||   119
Dodge: Dodged            |    64 |    67 |    67 ||   198
Block: Shield            |       |       |    97 ||    97
